Map: Prion Terraces

Players

SortOf - Winner!

  • Race: Zerg Zerg
  • League: Grandmaster

AcerBly (Bly)

  • Race: Zerg Zerg

Event: DreamHack ROCCAT LotV Championship

VOD

Have the link to the VOD?

Description

Time

  • Played on: Nov. 26, 2015, 6:48 a.m.
  • Length: 15:12

All games in this series

Show
View Real Time Build Order
Export as new Build Order

SortOf Zerg - Winner!

Build Orders: Hatch First 

Get SALT Encoding   

  12  0:01  Drone  
  13  0:12  Overlord  
  13  0:17  Drone  
  14  0:31  Drone x2  
  16  0:37  Drone  
  17  0:45  Drone  
  18  0:56  Hatchery  
  17  0:59  Drone  
  18  1:15  Spawning Pool  
  18  1:17  Drone, Extractor  
  17  1:21  Drone  
  19  1:40  Drone, Overlord  
  19  2:02  Zergling x2  
  19  2:03  Queen, Zergling x2  
  19  2:04  Spine Crawler  
  19  2:08  Zergling x2  
  23  2:10  Queen  
  23  2:13  Drone  
  26  2:18  Zergling x2  
  27  2:24  Metabolic Boost  
  24  2:39  Zergling x2  
  24  2:41  Queen  
  24  2:42  Zergling x4  
  27  2:53  Zergling x2  
  27  2:54  Zergling x4  
  30  3:03  Zergling x2  
  30  3:08  Drone x2  
  30  3:12  Zergling x2  
  32  3:16  Drone  
  33  3:24  Overlord  
  31  3:46  Drone  
  31  3:47  Drone x3  
  35  3:53  Drone  
  35  3:58  Baneling Nest  
  34  4:03  Drone  
  34  4:04  Overlord  
  35  4:10  Drone x2  
  35  4:14  Drone  
  35  4:18  Drone  
  35  4:26  Drone x2  
  35  4:27  Drone x3  
  35  4:31  Zergling x2  
  41  4:41  Baneling x3  
  41  4:51  Drone x2  
  43  4:57  Zergling x2  
  43  5:07  Zergling x2  
  40  5:14  Drone x3  
  40  5:20  Overlord  
  43  5:21  Baneling x2  
  43  5:29  Overlord  
  43  5:30  Hatchery  
  43  5:32  Roach Warren  
  43  5:33  Zergling x2  
  43  5:34  Zergling x2  
  43  5:40  Extractor  
  43  5:41  Zergling x6  
  45  5:50  Zergling x10  
  45  5:54  Zergling x4  
  49  5:58  Zergling x4  
  49  6:02  Zergling x2  
  48  6:04  Baneling x3  
  48  6:09  Queen  
  50  6:12  Drone  
  50  6:15  Drone x2  
  50  6:18  Drone  
  54  6:19  Drone  
  54  6:25  Drone  
  54  6:26  Drone x2  
  54  6:30  Drone x2  
  59  6:35  Overlord  
  59  6:40  Overlord  
  59  6:46  Evolution Chamber  
  58  6:47  Roach x2  
  58  6:50  Roach  
  58  6:53  Roach  
  66  6:56  Roach  
  67  7:01  Overlord  
  67  7:02  Roach  
  67  7:04  Roach  
  67  7:06  Roach  
  72  7:09  Roach  
  72  7:12  Roach x2  
  79  7:15  Roach  
  79  7:16  Roach  
  79  7:21  Roach  
  79  7:22  Roach  
  83  7:23  Roach  
  83  7:25  Roach  
  83  7:28  Roach  
  89  7:33  Zerg Missile Weapons Level 1, Extractor  
  88  7:37  Roach  
  88  7:38  Overlord  
  88  7:50  Roach x2  
  83  7:54  Roach, Zergling x2  
  83  7:55  Zergling x4  
  83  7:56  Drone x3  
  89  7:59  Drone  
  89  8:05  Drone x2  
  92  8:06  Drone x2  
  92  8:09  Lair  
  94  8:14  Overlord  
  94  8:16  Drone x4, Extractor  
  96  8:27  Overlord x3  
  96  8:31  Queen  
  96  8:33  Drone x3  
  96  8:37  Drone x2  
  98  8:41  Ravager x2  
  98  8:42  Ravager  
  98  8:45  Overlord  
  98  8:47  Drone x2  
  102  8:55  Roach x3  
  108  9:00  Roach  
  108  9:01  Drone x3  
  110  9:05  Overlord  
  110  9:06  Drone, Extractor  
  110  9:07  Drone x2, Overlord  
  110  9:09  Roach  
  114  9:11  Roach  
  116  9:18  Ravager x2  
  116  9:19  Drone x2  
  116  9:22  Roach x2  
  123  9:24  Overlord  
  123  9:27  Overlord  
  123  9:35  Roach x5  
  133  9:41  Overlord  
  133  9:49  Zerg Missile Weapons Level 2  
  133  9:51  Overseer  
  133  9:54  Hatchery  
  133  9:59  Roach x2  
  136  10:00  Roach  
  136  10:02  Overlord  
  136  10:04  Glial Reconstitution  
  136  10:06  Roach  
  138  10:09  Roach x2  
  138  10:12  Zergling x4  
  144  10:15  Roach x2  
  144  10:20  Roach x3  
  154  10:25  Roach  
  154  10:26  Roach x2  
  160  10:30  Roach x2  
  160  10:33  Overlord  
  163  10:36  Roach x2  
  166  10:45  Roach x2  
  170  10:52  Roach x4  
  170  10:55  Roach x2  
  178  11:01  Roach x3  
  178  11:04  Overlord x2  
  177  11:12  Overlord x3  
  177  11:13  Roach x3  
  177  11:17  Ravager  
  169  11:26  Roach x2  
  169  11:27  Roach x2  
  169  11:30  Drone x2  
  179  11:34  Drone x2  
  181  11:40  Roach x2  
  161  11:54  Roach x3  
  161  11:55  Roach x4  
  161  11:58  Roach x2  
  169  12:11  Roach x6  
  169  12:20  Roach  
  169  12:21  Roach x4  
  179  12:27  Drone x3  
  179  12:29  Roach x3  
  188  12:39  Overseer  
  188  12:40  Drone x3, Hydralisk Den  
  188  12:41  Drone x2  
  192  12:48  Overlord  
  192  12:54  Spine Crawler  
  192  12:57  Spine Crawler  
  191  12:58  Ravager x3, Spine Crawler  
  191  13:05  Drone x2, Spine Crawler  
  193  13:16  Roach x3  
  199  13:24  Overlord  
  189  13:57  Spire  
  189  13:58  Extractor  
  189  14:01  Roach x2  
  189  14:02  Extractor  
  180  14:03  Roach x2  
  180  14:04  Overlord, Roach x6  
  180  14:06  Hatchery  
  191  14:18  Hatchery  
  191  14:20  Roach x7  
  191  14:21  Overseer x2  
  194  14:24  Overseer  
  185  14:35  Roach  
  178  14:38  Roach  
  168  14:48  Roach  
  161  14:53  Roach  
Show
View Real Time Build Order
Export as new Build Order

AcerBly Zerg 

Build Orders: 13 gas / 14 pool, Pool First 

Get SALT Encoding   

  12  0:00  Drone  
  13  0:11  Drone  
  13  0:13  Extractor  
  13  0:17  Drone  
  14  0:34  Spawning Pool  
  13  0:36  Drone  
  13  0:41  Extractor  
  14  0:46  Drone, Extractor  
  15  0:53  Overlord  
  15  1:21  Queen, Zergling x6  
  15  1:24  Metabolic Boost  
  20  1:32  Zergling x2  
  21  1:51  Hatchery  
  20  1:57  Overlord  
  20  2:02  Zergling x2  
  20  2:05  Zergling x2  
  22  2:20  Drone  
  23  2:26  Queen  
  25  2:36  Zergling x6  
  25  2:59  Zergling x4  
  25  3:00  Zergling x2  
  25  3:07  Drone  
  25  3:12  Overlord  
  26  3:14  Drone x3  
  29  3:23  Queen  
  29  3:25  Spine Crawler  
  30  3:28  Zergling x4  
  31  3:44  Zergling x10  
  34  3:54  Baneling Nest  
  31  3:55  Zergling x2  
  31  3:56  Zergling x2  
  31  4:15  Zergling x10  
  34  4:20  Drone x2  
  35  4:26  Overlord  
  35  4:33  Drone x2  
  35  4:37  Drone x2  
  39  4:39  Baneling  
  39  4:48  Baneling x2  
  39  4:49  Baneling x2  
  32  5:10  Drone x4  
  33  5:14  Zergling x8  
  33  5:18  Zergling x6  
  40  5:23  Drone  
  41  5:31  Roach Warren  
  41  5:34  Extractor  
  39  5:36  Drone x3  
  35  6:04  Overlord  
  35  6:11  Roach  
  35  6:12  Roach x6  
  35  6:13  Roach  
  35  6:14  Overlord  
  35  6:15  Overlord  
  51  6:23  Zergling x6  
  54  6:28  Zergling x4  
  54  6:31  Zergling x2  
  58  6:40  Zergling x2  
  58  6:42  Baneling x4  
  58  6:44  Zergling x12  
  58  6:45  Zergling x2  
  65  6:57  Baneling x7  
  65  6:59  Zergling x2  
  65  7:00  Zergling x2  
  67  7:05  Overlord  
  65  7:14  Hatchery  
  63  7:16  Zergling x10  
  63  7:17  Zergling x4  
  69  7:23  Drone x2  
  71  7:37  Drone x2  
  59  7:52  Drone  
  59  7:53  Drone x5  
  63  7:59  Roach  
  63  8:01  Extractor  
  64  8:13  Roach  
  64  8:14  Roach x7  
  64  8:16  Ravager  
  64  8:17  Ravager  
  82  8:20  Baneling x2  
  82  8:22  Zergling x2  
  82  8:24  Overlord  
  83  8:34  Baneling x2  
  83  8:40  Drone  
  83  8:41  Drone x8  
  88  8:54  Ravager x3  
  88  8:55  Overlord  
  91  8:58  Drone x3  
  93  9:10  Roach x2  
  93  9:13  Overlord x3  
  93  9:14  Overlord  
  96  9:19  Evolution Chamber  
  95  9:24  Overlord  
  95  9:29  Roach x5  
  95  9:30  Overlord  
  105  9:31  Overlord  
  105  9:42  Extractor  
  105  9:43  Zergling x2  
  105  9:44  Extractor, Zergling x2  
  105  9:45  Zerg Missile Weapons Level 1  
  105  9:51  Roach x8  
  121  9:56  Overlord  
  121  10:01  Zergling x2  
  121  10:02  Zergling x8  
  121  10:04  Overlord  
  126  10:08  Overlord  
  126  10:11  Zergling x8  
  126  10:13  Lair  
  130  10:16  Overlord  
  129  10:30  Roach x8  
  129  10:31  Overlord  
  129  10:35  Extractor  
  144  10:37  Spine Crawler  
  144  10:38  Spine Crawler  
  140  10:46  Roach  
  140  10:47  Roach x4  
  140  10:49  Overlord  
  149  10:52  Overlord  
  146  10:58  Baneling x5  
  145  11:11  Roach x5  
  154  11:13  Drone x2  
  153  11:31  Glial Reconstitution  
  153  11:32  Roach x6  
  165  11:35  Ravager  
  165  11:36  Ravager  
  165  11:37  Ravager  
  165  11:38  Overseer  
  169  11:40  Ravager  
  145  11:57  Baneling x2  
  145  12:00  Roach x6  
  145  12:01  Roach  
  133  12:09  Roach x3  
  133  12:10  Roach x2  
  134  12:17  Roach x2  
  138  12:25  Hydralisk Den  
  135  12:53  Burrow, Tunneling Claws  
  135  12:57  Ravager  
  137  12:58  Ravager  
  137  13:09  Zergling x4  
  137  13:10  Zergling x22  
  134  13:42  Drone x6  
  133  13:55  Hatchery  
  128  14:12  Hydralisk x4  

Tags
 
Add a new tag
Caveats
  • Supply blocks, unpowered buildings, or Contaminate may cause inaccurate times.
  • Supply counts are checked every 10 seconds.